 Dungeon Crawl Stone Soup version 0.20.0-14-g326068f (webtiles) character file.

200702 duh the Severer (level 17, -10/162 HPs)
             Began as a Minotaur Berserker on June 8, 2017.
             Was a High Priest of Trog.
             Killed by Shatter
             ... invoked by Jorgrun
              (78 damage)
             ... on level 2 of the Shoals.
             The game lasted 01:13:09 (33119 turns).

duh the Severer (Minotaur Berserker)               Turns: 33119, Time: 01:13:10

Health: -10/162    AC: 26    Str: 25    XL:     17   Next: 88%
Magic:  22/22      EV:  2    Int:  6    God:    Trog [*****.]
Gold:   573        SH:  0    Dex: 21    Spells: 16/16 levels left

rFire    . . .     SeeInvis .   b - +5 battleaxe (chop)
rCold    . . .     Gourm    .   (shield currently unavailable)
rNeg     + + +     Faith    .   E - +0 plate armour
rPois    ∞         Spirit   .   (helmet restricted)
rElec    .         Reflect  +   O - +0 cloak of Inference {rCorr Int+2 Dex+4}
rCorr    +         Harm     .   o - +2 pair of gloves {Dex+3}
MR       +....                  V - +2 pair of boots
Stlth    ..........             t - +4 amulet of reflection
Regen    0.4/turn               v - ring of flight
MPRegen  0.2/turn               Z - +5 ring of evasion

@: petrified, flying
A: retaliatory headbutt, horns 2
}: 1/15 runes: serpentine
a: Berserk, Trog's Hand, Brothers in Arms, Burn Spellbooks, Renounce Religion,
Stop Flying


You were on level 2 of the Shoals.
You worshipped Trog.
Trog was extremely pleased with you.
You were very full.

You visited 5 branches of the dungeon, and saw 29 of its levels.
You also visited: Sewer and Ossuary.

You collected 2326 gold pieces.
You spent 1753 gold pieces at shops.

Inventory:

Hand Weapons
 b - a +5 battleaxe of chopping (weapon)
 W - a +4 executioner's axe of holy wrath
Missiles
 e - 14 javelins of returning (quivered)
 q - 9 throwing nets
 x - 5 javelins of penetration
Armour
 o - a +2 pair of gloves of dexterity (worn)
 E - a +0 plate armour (worn)
 O - the +0 cloak of Inference (worn) {rCorr Int+2 Dex+4}
   (You found it on level 11 of the Dungeon)

   It affects your intelligence (+2).
   It affects your dexterity (+4).
   It protects you from acid and corrosion.
 V - a +2 pair of boots (worn)
Jewellery
 g - an uncursed ring of protection from fire
 s - an uncursed ring of resist corrosion
 t - a +4 amulet of reflection (around neck)
 v - a ring of flight (left hand)
 T - an uncursed ring of protection from magic
 Z - a +5 ring of evasion (right hand)
Wands
 d - a wand of flame (24/48)
 A - a wand of acid (10/15)
 K - a wand of confusion (18/48)
 R - a wand of paralysis (5/24)
Scrolls
 f - 4 scrolls of fog
 i - 7 scrolls of enchant weapon
 l - 3 scrolls of fear
 r - 19 scrolls of teleportation
 w - 3 scrolls of magic mapping
 y - 4 scrolls of identify
 C - 11 scrolls of remove curse
 G - 4 scrolls of blinking
 L - 2 scrolls of enchant armour
 M - a scroll of immolation
 P - 4 scrolls of recharging
 S - a scroll of summoning
 U - 2 scrolls of holy word
Potions
 h - 5 potions of heal wounds
 j - 4 potions of ambrosia
 m - 4 potions of agility
 p - 11 potions of curing
 z - 9 potions of mutation
 B - a potion of invisibility
 D - 10 potions of flight
 F - 2 potions of might
 J - 3 potions of haste
 N - 4 potions of cancellation
 Q - a potion of resistance
 X - 3 potions of berserk rage
Comestibles
 c - 14 bread rations
 k - 4 royal jellies
 u - 7 meat rations
 I - 29 fruits


   Skills:
 * Level 17.6 Fighting
 + Level 20.1 Axes
 + Level 9.7 Throwing
 * Level 16.1 Armour
 * Level 14.7 Dodging
 + Level 8.5 Evocations


You had 16 spell levels left.
You didn't know any spells.

Dungeon Overview and Level Annotations

Branches:
Dungeon (15/15)            Temple (0/1) D:5            Lair (6/6) D:10
 Shoals (2/4) Lair:2        Snake (4/4) Lair:2        Slime (0/5) Lair:5
    Orc (2/2) D:10            Elf (0/3) Orc:2        Vaults (0/5) D:14
 Depths (0/5) D:15

Altars:
Cheibriados
Elyvilon
Hepliaklqana
Makhleb
Okawaru
Ru
Sif Muna
Trog
Uskayaw
Yredelemnul
The Shining One

Shops:
D:9 ?   D:10 [?   Orc:2 =}*!   Snake:1 [((   Snake:4 :

Annotations:
D:4 1 runed door
Lair:1 exclusion: oklob plant
Shoals:2 Jorgrun


Innate Abilities, Weirdness & Mutations

You reflexively headbutt those who attack you in melee.
You have a pair of horns on your head.


Message History

You hit Jorgrun.
Jorgrun is severely wounded.
Jorgrun hits you with a staff of earth.
You have turned to stone.
The merfolk hits you but does no damage.
Jorgrun hits you but does no damage.
The merfolk hits you from afar with a trident of flaming.
The merfolk burns you.
Jorgrun casts a spell.
The dungeon rumbles around Jorgrun!
You shudder from the earth-shattering force.
Ouch! That really hurt!
The merfolk dies!
Ka-crash!
You hear an angry hiss.
Jorgrun hits you with a staff of earth. Jorgrun crushes you!
Jorgrun hits you but does no damage. Jorgrun hits you but does no damage.
Jorgrun gestures wildly while chanting.
The dungeon rumbles around Jorgrun!
You shudder from the earth-shattering force.
You die...

....≈≈.###.............≈...PPP≈≈
.....≈.# ##......##...≈≈P≈≈P≈PP≈
......## ##..##.. #...≈≈≈P≈≈≈P≈
.......### ##.##.# ##....≈≈PP≈≈≈
≈≈≈.....##.###.#.####<...
≈≈.≈≈≈......###..#.#....
≈≈..≈≈≈...>.............
≈≈≈≈≈≈≈..≈....).....##/.
≈≈≈≈≈≈≈≈.≈≈≈≈...@..##
≈≈≈≈≈≈≈..≈≈≈≈≈.#g(..#
≈≈≈≈≈≈≈..≈≈≈≈.##)........
≈≈≈≈≈≈≈≈≈≈≈≈≈.....≈...###
≈≈≈≈≈≈≈≈≈≈≈≈≈...≈≈≈....
≈≈≈≈≈≈≈≈≈≈≈.≈≈≈.≈......
≈≈≈≈≈≈≈≈..≈≈≈.#..≈...
≈≈≈≈.≈≈≈..#.≈≈≈.m ≈≈...≈. ......


You could see Jorgrun.

Vanquished Creatures
  Vashnia (Snake:2)
  A kraken (Shoals:1)
  Donald (Snake:2)
  8 nagarajas
  A frost giant (D:15)
  Aizul (Snake:3)
  3 merfolk impalers
  Josephine (D:13)
  15 naga warriors
  An ogre mage (Orc:1)
  6 hydras
  3 centaur warriors
  2 catoblepae (Lair:6)
  An alligator snapping turtle (Shoals:2)
  7 anacondas
  19 death yaks
  10 two-headed ogres
  A merfolk aquamancer (Shoals:2)
  A tengu warrior (D:14)
  4 orc high priests (Orc:2)
  Urug (D:12)
  6 shock serpents
  Sonja (Lair:3)
  15 naga sharpshooters
  Nergalle (Lair:3)
  2 unseen horrors (D:14)
  4 salamander mystics
  4 sea snakes (Shoals:1)
  9 naga ritualists
  5 orc knights
  3 lindwurms
  9 mana vipers
  6 orc sorcerers (Orc:2)
  9 ugly things
  3 harpies (Shoals:1)
  2 cyclopes
  An oklob plant (Orc:1)
  12 manticores
  8 salamanders
  3 fauns (Shoals:2)
  7 elephants
  13 naga magi
  39 black mambas
  4 merfolk sirens
  Joseph (D:9)
  9 guardian serpents
  2 water nymphs (Shoals:2)
  17 spiny frogs
  2 gargoyles
  4 kobold demonologists (D:15)
  5 centaur skeletons
  3 rime drakes
  A yaktaur (D:15)
  10 komodo dragons
  5 efreet
  3 trolls
  3 polar bears
  A polar bear (shapeshifter) (D:12)
  7 merfolk
  2 wind drakes (Shoals:1)
  7 blink frogs
  6 dream sheep (Lair:5)
  A slime creature (Lair:5)
  12 hippogriffs
  A snapping turtle (Shoals:1)
  A centaur simulacrum (D:14)
  4 shadows
  4 wraiths
  4 water elementals
  16 humans (D:14)
  4 basilisks
  2 wyverns
  44 yaks
  3 hungry ghosts
  A steam dragon (D:8)
  Menkaure (D:6)
  7 vampire mosquitoes
  2 wargs (Orc:2)
  An acid dragon (D:15)
  61 nagas
  18 water moccasins
  9 porcupines
  The ghost of theemperora the Shield-Bearer, an amateur TrFi (D:3)
  5 black bears
  20 orc warriors
  3 ice beasts
  3 phantoms
  6 ogres
  A necrophage (D:7)
  A sky beast (D:7)
  16 wolves
  7 centaurs
  13 crocodiles
  2 big kobolds
  4 elf zombies (Ossuary)
  14 bullfrogs
  2 gnoll sergeants
  A scorpion (D:10)
  8 wights
  10 killer bees (D:11)
  2 howler monkeys
  2 electric eels (Lair:3)
  6 centaur zombies
  2 crimson imps
  A bullfrog zombie (D:6)
  3 quasits
  4 hounds
  3 human zombies (Ossuary)
  A bullfrog skeleton (D:13)
  5 jellies
  9 orc priests
  15 orc wizards
  4 iguanas
  A hell rat (D:10)
  8 worker ants
  4 mummies
  15 adders
  20 gnolls
  A river rat (D:10)
  A shadow imp (D:7)
  2 oozes
  An adder zombie (D:5)
  4 worms
  2 dart slugs
  13 leopard geckos
  53 orcs
  5 ball pythons
  11 bats
  3 giant cockroaches
  10 goblins
  5 hobgoblins
  14 jackals
  14 kobolds
  10 quokkas
  4 frilled lizards
  2 hobgoblin zombies (D:5)
  A jackal skeleton (D:4)
  A jackal zombie (D:9)
  A leopard gecko zombie (D:6)
  2 orc zombies (D:5)
  A quokka skeleton (D:4)
  A quokka zombie (D:7)
  3 rats
  7 fungi
  5 plants
  4 tentacles (Shoals:1)
941 creatures vanquished.

Vanquished Creatures (collateral kills)
  2 nagarajas (Snake:4)
  A naga warrior (Snake:4)
  A catoblepas (Lair:6)
  A death yak (D:10)
  2 naga sharpshooters
  A salamander mystic (Snake:4)
  2 naga ritualists (Snake:4)
  A mana viper (Snake:4)
  A naga mage (Snake:2)
  A guardian serpent (Snake:4)
  A queen bee (D:11)
  5 nagas
  A porcupine (D:10)
  3 killer bees (D:11)
  An orc wizard (D:9)
  A river rat (D:10)
  3 orcs (D:9)
  A quokka (D:9)
  2 rats (D:10)
31 creatures vanquished.

Vanquished Creatures (others)
  A naga sharpshooter (Snake:4)
  A merfolk (Shoals:2)
  15 fungi
  6 plants
  2 tentacles (Shoals:1)
25 creatures vanquished.

Grand Total: 997 creatures vanquished

Notes
Turn   | Place    | Note
-------+----------+-------------------------------------------
     0 | D:1      | duh the Minotaur Berserker began the quest for the Orb.
     0 | D:1      | Reached XP level 1. HP: 19/19 MP: 0/0
    64 | D:1      | Reached skill level 4 in Axes
    64 | D:1      | Reached XP level 2. HP: 20/27 MP: 1/1
   330 | D:1      | Reached XP level 3. HP: 34/34 MP: 2/2
  1814 | D:2      | Reached skill level 5 in Fighting
  1862 | D:3      | Reached ** piety under Trog
  1862 | D:3      | Reached XP level 4. HP: 34/42 MP: 3/3
  2003 | D:3      | Reached skill level 5 in Axes
  2215 | D:3      | Reached XP level 5. HP: 41/48 MP: 4/4
  2510 | D:3      | Reached skill level 6 in Axes
  2608 | D:3      | Noticed theemperora's ghost (amateur TrFi)
  2617 | D:3      | Killed theemperora's ghost
  2617 | D:3      | Reached XP level 6. HP: 45/57 MP: 5/5
  2693 | D:3      | Reached *** piety under Trog
  3006 | D:4      | Found a runed door.
  3006 | D:4      | Noticed a human
  3009 | D:4      | Found a basalt altar of Yredelemnul.
  3121 | D:4      | Reached skill level 7 in Axes
  3245 | D:4      | Found a burning altar of Makhleb.
  3282 | D:4      | Found a hazy altar of Hepliaklqana.
  3356 | D:4      | Found a deep blue altar of Sif Muna.
  3713 | D:4      | Found a glowing golden altar of the Shining One.
  3730 | D:4      | Found a hide-covered altar of Uskayaw.
  3823 | D:4      | Reached skill level 8 in Axes
  3823 | D:4      | Reached XP level 7. HP: 64/64 MP: 6/6
  4107 | D:5      | Entered Level 5 of the Dungeon
  4162 | D:5      | Found a staircase to the Ecumenical Temple.
  4345 | D:5      | Reached **** piety under Trog
  4759 | D:5      | Received a gift from Trog
  4897 | D:6      | Noticed Menkaure
  4910 | D:6      | Killed Menkaure
  4910 | D:6      | Reached skill level 9 in Axes
  5068 | D:6      | Found a glowing drain.
  5077 | Sewer    | Entered a sewer
  5596 | D:6      | Reached XP level 8. HP: 58/73 MP: 7/7
  5748 | D:7      | Reached skill level 10 in Axes
  5910 | D:7      | Found a snail-covered altar of Cheibriados.
  5946 | D:7      | Found a sand-covered staircase.
  5967 | Ossuary  | Entered an ossuary
  6016 | Ossuary  | Reached skill level 11 in Axes
  6244 | Ossuary  | Reached XP level 9. HP: 82/82 MP: 8/8
  6428 | D:7      | Reached ***** piety under Trog
  6625 | D:8      | Reached skill level 5 in Armour
  6634 | D:8      | Found a sacrificial altar of Ru.
  6813 | D:8      | Reached skill level 12 in Axes
  7188 | D:9      | Found Aplirghai's Magic Scroll Boutique.
  7201 | D:9      | Bought a scroll of fog for 30 gold pieces
  7201 | D:9      | Bought a scroll of noise for 15 gold pieces
  7201 | D:9      | Bought a scroll of identify for 30 gold pieces
  7201 | D:9      | Bought a scroll of teleportation for 45 gold pieces
  7201 | D:9      | Bought a scroll of random uselessness for 15 gold pieces
  7201 | D:9      | Bought a scroll of magic mapping for 52 gold pieces
  7201 | D:9      | Bought a scroll of recharging for 142 gold pieces
  7201 | D:9      | Bought a scroll of teleportation for 45 gold pieces
  7352 | D:9      | Noticed Joseph
  7365 | D:9      | Killed Joseph
  7365 | D:9      | Reached skill level 13 in Axes
  7423 | D:9      | Found an iron altar of Okawaru.
  7439 | D:9      | Noticed a two-headed ogre
  7456 | D:9      | Killed a two-headed ogre
  7456 | D:9      | Reached XP level 10. HP: 91/91 MP: 9/9
  7835 | D:9      | Reached skill level 14 in Axes
  7941 | D:10     | Entered Level 10 of the Dungeon
  7941 | D:10     | Found a staircase to the Orcish Mines.
  7950 | D:10     | Found Diphibb's Armour Boutique.
  8040 | D:10     | Noticed a death yak
  8049 | D:10     | Noticed a death yak
  8050 | D:10     | Received a gift from Trog
  8051 | D:10     | Noticed a death yak
  8051 | D:10     | Killed a death yak
  8054 | D:10     | Killed a death yak
  8054 | D:10     | Reached skill level 15 in Axes
  8056 | D:10     | Killed a death yak
  8059 | D:10     | Found a staircase to the Lair.
  8112 | D:10     | Noticed a two-headed ogre
  8121 | D:10     | Killed a two-headed ogre
  8236 | D:10     | Found Qaew's Magic Scroll Boutique.
  8244 | D:10     | Bought a scroll of fear for 56 gold pieces
  8244 | D:10     | Bought 2 scrolls of identify for 64 gold pieces
  8254 | D:10     | Found Motroug's Armour Emporium.
  8262 | D:10     | Reached skill level 16 in Axes
  8666 | D:11     | Got a fine cloak
  8672 | D:11     | Identified the +0 cloak of Inference {rCorr Int+2 Dex+4} (You found it on level 11 of the Dungeon)
  8786 | D:11     | Reached XP level 11. HP: 97/97 MP: 10/10
  8946 | D:11     | Noticed a two-headed ogre
  8949 | D:11     | Killed a two-headed ogre
  8949 | D:11     | Reached skill level 17 in Axes
  9015 | D:11     | Received a gift from Trog
  9432 | Lair:1   | Entered Level 1 of the Lair of Beasts
  9611 | Lair:1   | Received a gift from Trog
  9618 | Lair:1   | Reached skill level 18 in Axes
  9852 | Lair:1   | Noticed an oklob plant
  9969 | Lair:1   | Noticed a four-headed hydra
  9985 | Lair:1   | Killed a four-headed hydra
 10166 | Lair:1   | Reached skill level 19 in Axes
 10721 | Lair:1   | Noticed a six-headed hydra
 10728 | Lair:1   | Killed a six-headed hydra
 10728 | Lair:1   | Reached XP level 12. HP: 104/104 MP: 11/11
 11263 | Lair:2   | Found a staircase to the Shoals.
 11337 | Lair:2   | Found a staircase to the Snake Pit.
 11341 | Lair:2   | Noticed a death yak
 11341 | Lair:2   | Noticed a five-headed hydra
 11363 | Lair:2   | Killed a five-headed hydra
 11363 | Lair:2   | Reached skill level 20 in Axes
 11369 | Lair:2   | Killed a death yak
 11438 | Lair:2   | Noticed a death yak
 11439 | Lair:2   | Noticed a death yak
 11449 | Lair:2   | Noticed a death yak
 11461 | Lair:2   | Killed a death yak
 11461 | Lair:2   | Reached skill level 5 in Dodging
 11462 | Lair:2   | Killed a death yak
 11462 | Lair:2   | Reached skill level 1 in Evocations
 11464 | Lair:2   | Killed a death yak
 11464 | Lair:2   | Reached skill level 1 in Throwing
 12184 | Lair:2   | Received a gift from Trog
 12282 | Lair:3   | Noticed Nergalle
 12297 | Lair:3   | Killed Nergalle
 12402 | Lair:3   | Noticed a five-headed hydra
 12404 | Lair:3   | Noticed Sonja
 12415 | Lair:3   | Killed a five-headed hydra
 12415 | Lair:3   | Reached skill level 10 in Fighting
 13064 | Lair:3   | Killed Sonja
 13815 | Lair:4   | Reached XP level 13. HP: 95/114 MP: 13/13
 15685 | Lair:5   | Found a staircase to the Slime Pits.
 15954 | Lair:5   | Found a white marble altar of Elyvilon.
 16126 | Lair:5   | Received a gift from Trog
 16139 | Lair:5   | Reached skill level 10 in Armour
 16496 | Lair:6   | Entered Level 6 of the Lair of Beasts
 16714 | Lair:6   | Reached XP level 14. HP: 123/127 MP: 15/15
 16729 | Lair:6   | Received a gift from Trog
 16848 | Lair:6   | Reached skill level 5 in Throwing
 17538 | Lair:6   | Received a gift from Trog
 18097 | D:12     | Noticed Urug
 18111 | D:12     | Killed Urug
 18111 | D:12     | Reached skill level 10 in Dodging
 18752 | D:13     | Noticed Josephine
 18769 | D:13     | Killed Josephine
 18774 | D:13     | Reached skill level 5 in Evocations
 19630 | D:14     | Received a gift from Trog
 19829 | D:14     | Found a gate to the Vaults.
 20102 | D:14     | Reached XP level 15. HP: 137/137 MP: 17/17
 20208 | D:14     | Received a gift from Trog
 20398 | D:15     | Entered Level 15 of the Dungeon
 20843 | D:15     | Found a labyrinth entrance.
 20919 | D:15     | Found a staircase to the Depths.
 20919 | D:15     | Noticed a frost giant
 20930 | D:15     | Killed a frost giant
 21152 | Orc:1    | Entered Level 1 of the Orcish Mines
 21431 | Orc:2    | Entered Level 2 of the Orcish Mines
 21438 | Orc:2    | Received a gift from Trog
 21518 | Orc:2    | Found a staircase to the Elven Halls.
 21968 | Orc:2    | Found Xeki's Distillery.
 22356 | Orc:2    | Found a bloodstained altar of Trog.
 22420 | Orc:2    | Found Siffyun's Jewellery Boutique.
 22421 | Orc:2    | Found Texiwnit's Gadget Shoppe.
 22453 | Orc:2    | Found Siepnute's General Store.
 22457 | Orc:2    | Bought a potion of resistance for 140 gold pieces
 22469 | Orc:2    | Bought a +5 ring of evasion for 605 gold pieces
 22500 | Orc:2    | Bought a potion of curing for 42 gold pieces
 22500 | Orc:2    | Bought a potion of might for 56 gold pieces
 22500 | Orc:2    | Bought 2 potions of mutation for 224 gold pieces
 22637 | Snake:1  | Entered Level 1 of the Snake Pit
 22651 | Snake:1  | Found Zeirah's Weapon Shop.
 22655 | Snake:1  | Found Masumy's Armour Shop.
 22863 | Snake:1  | Reached skill level 15 in Fighting
 23584 | Snake:1  | Found Riuqotul's Antique Weapon Shoppe.
 24646 | Snake:2  | Noticed Vashnia
 24680 | Snake:2  | Killed Vashnia
 24680 | Snake:2  | Reached XP level 16. HP: 77/149 MP: 20/20
 24686 | Snake:2  | Received a gift from Trog
 24913 | Snake:2  | Noticed Donald
 24933 | Snake:2  | Killed Donald
 26644 | Snake:3  | Noticed Aizul
 26657 | Snake:3  | Killed Aizul
 26675 | Snake:3  | Received a gift from Trog
 27088 | Snake:3  | Received a gift from Trog
 27956 | Snake:4  | Entered Level 4 of the Snake Pit
 28117 | Snake:4  | Found Likhlaemno's Book Shop.
 28604 | Snake:4  | Reached skill level 15 in Armour
 28819 | Snake:4  | Received a gift from Trog
 29442 | Snake:4  | Reached XP level 17. HP: 133/159 MP: 21/21
 30622 | Snake:4  | Received a gift from Trog
 31641 | Snake:4  | Got a serpentine rune of Zot
 31915 | Orc:2    | Bought an uncursed ring of flight for 192 gold pieces
 32040 | Shoals:1 | Entered Level 1 of the Shoals
 32139 | Shoals:1 | Noticed a kraken
 32148 | Shoals:1 | Killed a kraken
 32309 | Shoals:1 | Received a gift from Trog
 32890 | Shoals:2 | Received a gift from Trog
 33063 | Shoals:2 | Noticed Jorgrun
 33119 | Shoals:2 | Killed from afar by Jorgrun

Skill      XL: |  1  2  3  4  5  6  7  8  9 10 11 12 13 14 15 16 17 |
---------------+----------------------------------------------------+-----
Fighting       | 4 5 6 7 8 9 10 12 13 15 16 17 | 17.6
Axes           | 4 5 6 8 9 11 13 16 19 20 | 20.1
Armour         | 4 5 7 10 12 13 15 16 | 16.1
Dodging        | 3 4 6 9 10 12 13 14 | 14.7
Evocations     | 2 3 5 6 7 8 |  8.5
Throwing       | 3 4 6 7 8 9 |  9.7

Action                   |  1- 3 |  4- 6 |  7- 9 | 10-12 | 13-15 | 16-18 || total
-------------------------+-------+-------+-------+-------+-------+-------++-------
Melee: Hand axe          |    70 |   131 |       |       |       |       ||   201
       Headbutt          |    12 |    26 |    55 |   101 |   234 |   232 ||   660
       Whip              |       |    15 |    54 |    31 |    10 |       ||   110
       War axe           |       |       |   158 |       |       |       ||   158
       Battleaxe         |       |       |    54 |   367 |   791 |   668 ||  1880
Throw: Stone             |       |     6 |       |       |       |       ||     6
       Tomahawk          |       |       |       |     1 |     5 |       ||     6
       Javelin           |       |       |       |       |     3 |    37 ||    40
Invok: Berserk           |     1 |     4 |     7 |    10 |    11 |     6 ||    39
       Burn Spellbooks   |       |     1 |     1 |     1 |     2 |     1 ||     6
       Trog's Hand       |       |       |     1 |     4 |     7 |    21 ||    33
       Brothers in Arms  |       |       |     1 |     3 |     2 |     2 ||     8
 Abil: Evoke Flight      |       |       |       |       |       |     9 ||     9
Evoke: Wand              |       |       |       |     3 |     1 |       ||     4
  Use: Scroll            |       |     6 |     9 |     5 |    15 |     9 ||    44
       Potion            |       |       |       |     1 |     1 |     2 ||     4
 Stab: Distracted        |       |       |       |       |       |     2 ||     2
  Eat: Chunk             |     4 |    12 |    35 |    41 |    32 |    14 ||   138
       Royal jelly       |       |       |     1 |       |     2 |    15 ||    18
       Meat ration       |       |       |       |       |     1 |     1 ||     2
Armor: Leather armour    |    15 |       |       |       |       |       ||    15
       Ring mail         |    17 |    44 |     8 |       |       |       ||    69
       Plate armour      |       |       |   155 |   206 |   279 |   210 ||   850
Dodge: Dodged            |    46 |    69 |   118 |   187 |   444 |   572 ||  1436
Block: Other             |       |       |       |       |    39 |    98 ||   137
       Reflection        |       |       |       |       |     2 |    11 ||    13
